AoeStats
← Косипоша

Arena

509163867Analyzed
3v3 RM · 7d ago on Sep 25, 2026· 63m 28s· 6 players
Game mode
Random Map
Map size
Normal (6 player)
Population
200
Speed
Normal
Resources
Standard
Victory
Conquest
Starting age
Dark Age
Ending age
Imperial Age
RankedLock teamsTeams togetherTeam positionsShared explorationLock speedFull tech treeHidden civsTurbo modeCheats
Victory
Defeat
🇨🇳 Poles · China
846
+16
🇭🇰 Teutons · Hong Kong SAR China
842
+16
🇸🇪 Franks · Sweden
803
+18
🇷🇺 Italians · Russia
958
-20
🇷🇺 Japanese · Russia
866
-18
🇮🇪 Dravidians · Ireland
727
-12
215825245
0:40 Loom
11:43 Feudal Age
19:25 Castle Age
17:29 Horse Collar
18:10 Double-Bit Axe
21:10 Fletching
27:36 Forging
33:21 Imperial Age
31:59 Iron Casting
31:29 Gold Mining
31:55 Heavy Plow
32:03 Pikeman
33:41 Wheelbarrow
34:07 Scale Mail Armor
36:09 Conscription
36:12 Cavalier
37:03 Bloodlines
38:21 Chain Mail Armor
39:19 Stone Mining
41:11 Chemistry
40:23 Masonry
39:37 Cavalier
40:29 Bloodlines
40:28 Scale Barding Armor
41:24 Blast Furnace
40:53 Hand Cart
41:24 Conscription
44:53 Chain Barding Armor
44:34 Padded Archer Armor
44:32 Bodkin Arrow
44:54 Paladin
45:35 Elite Skirmisher
47:58 Leather Archer Armor
48:19 Plate Barding Armor
51:03 Caravan
52:30 Crop Rotation
53:04 Bow Saw
56:22 Ring Archer Armor
61:43 Stone Shaft Mining
63:03 Two-Man Saw
Cpt Wetbeard
10:42 Feudal Age
15:15 Castle Age
13:15 Double-Bit Axe
17:48 Bow Saw
19:28 Loom
20:18 Wheelbarrow
24:05 Scale Barding Armor
24:12 Forging
28:51 Imperial Age
27:21 Chain Barding Armor
27:05 Husbandry
27:38 Caravan
29:53 Hand Cart
31:47 Plate Barding Armor
31:48 Iron Casting
31:04 Fletching
30:39 Cavalier
32:02 Conscription
32:09 Paladin
42:07 Elite Throwing Axeman
60:10 Blast Furnace
大哈巴犬
0:28 Loom
1:58 Loom
5:56 Loom
6:28 Loom
11:21 Feudal Age
12:20 Loom
15:48 Castle Age
14:21 Double-Bit Axe
16:42 Horse Collar
26:01 Bow Saw
26:28 Squires
31:22 Imperial Age
30:03 Heavy Plow
32:46 Conscription
35:12 Wheelbarrow
35:44 Szlachta Privileges
36:11 Scale Barding Armor
36:17 Forging
36:40 Crop Rotation
35:46 Cavalier
36:27 Husbandry
36:37 Bloodlines
37:44 Stone Mining
38:59 Hand Cart
40:31 Chain Barding Armor
42:39 Iron Casting
44:32 Blast Furnace
46:53 Chemistry
46:14 Ballistics
47:02 Siege Engineers
50:54 Murder Holes
51:25 Fletching
51:16 Heavy Mounted Crossbowman
52:54 Bodkin Arrow
52:59 Padded Archer Armor
53:49 Thumb Ring
57:00 Elite Skirmisher
58:51 Bracer
61:22 Leather Archer Armor
Косипоша
12:13 Feudal Age
13:38 Wheelbarrow
14:12 Double-Bit Axe
22:01 Castle Age
24:55 Thumb Ring
25:02 Scale Barding Armor
30:55 Chain Barding Armor
30:36 Padded Archer Armor
31:30 Fletching
34:36 Leather Archer Armor
35:16 Bodkin Arrow
40:34 Horse Collar
Zalypuch
2:14 Loom
10:59 Feudal Age
11:43 Double-Bit Axe
11:39 Horse Collar
19:06 Castle Age
17:46 Fletching
17:57 Padded Archer Armor
19:49 Heavy Plow
20:01 Bow Saw
21:12 Wheelbarrow
20:25 Town Watch
21:27 Wheelbarrow
21:27 Gold Mining
21:29 Stone Mining
29:16 Stone Shaft Mining
29:02 Crossbowman
33:56 Ballistics
33:48 Masonry
34:14 Hand Cart
34:23 Bodkin Arrow
39:01 Imperial Age
37:18 Leather Archer Armor
38:39 Fortified Wall
39:46 Bracer
39:09 Arbalester
41:16 Ring Archer Armor
42:21 Two-Man Saw
42:36 Conscription
46:35 Crop Rotation
47:10 Chemistry
46:40 Architecture
45:51 Treadmill Crane
46:40 Silk Road
51:25 Elite Genoese Crossbowman
53:13 Elite Skirmisher
TurkishKarpet
11:55 Feudal Age
13:59 Double-Bit Axe
16:49 Castle Age
14:58 Horse Collar
15:23 Scale Mail Armor
15:45 Man-at-Arms
16:39 Forging
17:18 Long Swordsman
18:13 Bow Saw
19:13 Pikeman
19:55 Squires
22:32 Gambesons
23:24 Chain Mail Armor
24:23 Heavy Plow
27:13 Arson
33:59 Imperial Age
32:54 Wheelbarrow
33:23 Town Watch
33:28 Loom
34:27 Iron Casting
34:06 Capped Ram
34:09 Two-Handed Swordsman
35:22 Plate Mail Armor
36:11 Champion
37:53 Blast Furnace
37:29 Hand Cart
38:43 Two-Man Saw
39:28 Conscription
39:01 Halberdier
41:12 Kataparuto
41:27 Siege Engineers
Connection lost

Rejoining the realm…

Still unreachable

The connection could not be restored.

Session expired

The server has moved on; the page needs a fresh start.